 Dungeon Crawl Stone Soup version 0.31-a0-240-gb923e448b6 (webtiles) character file.

Game seed: 11687157836127231374

1741 qw the Skirmisher (level 8, 0/70 HPs)
             Began as a Minotaur Hexslinger on July 11, 2023.
             Was a Follower of Okawaru.
             Slain by Dowan
             ... wielding a +0 dagger
              (1 damage)
             ... on level 6 of the Dungeon.
             The game lasted 00:01:53 (5201 turns).

qw the Skirmisher (Minotaur Hexslinger)             Turns: 5201, Time: 00:01:54

Health: 0/70       AC:  9    Str: 13    XL:     8   Next: 77%
Magic:  7/9        EV: 14    Int: 10    God:    Okawaru [*.....]
Gold:   531        SH:  0    Dex: 15    Spells: 8/9 levels left

rFire   + . .        i - +3 sling (heavy)
rCold   + . .        (no shield)
rNeg    . . .        l - +2 ring mail {Will+}
rPois   .            (helmet restricted)
rElec   .            g - scarf {rC+ rF+}
rCorr   .            (no gloves)
SInv    .            (no boots)
Will    +....        (no amulet)
Stlth   ++           (no ring)
HPRegen 0.31/turn    (no ring)
MPRegen 0.11/turn

%: no passive effects
@: heroic
A: horns 2, retaliatory headbutt, shaggy fur 1
a: Renounce Religion, Heroism


You were on level 6 of the Dungeon.
You worshipped Okawaru.
Okawaru was aware of your devotion.
You visited 1 branch of the dungeon, and saw 7 of its levels.
You also visited: Ossuary.

You collected 579 gold pieces.
You spent 48 gold pieces at shops.


Innate Abilities, Weirdness & Mutations

You have a pair of horns on your head.
You reflexively headbutt those who attack you in melee.
You are covered in fur. (AC +1)


   Skills:
 + Level 6.0(11.0) Fighting
 - Level 10.0(15.0) Ranged Weapons
 - Level 2.8(7.8) Armour
 - Level 3.1(8.1) Dodging
 - Level 1.0 Spellcasting
 - Level 2.0 Hexes
 + Level 3.0 Invocations


You had 8 spell levels left.
You knew the following spells:

 Your Spells              Type           Power      Damage    Failure   Level
a - Slow                  Hex            16%        N/A       28%         1

Your spell library contained the following spells:

 Spells                   Type           Power      Damage    Failure   Level
 Inner Flame              Hex/Fire       2%         N/A       78%         3
 Portal Projectile        Hex/Tloc       4%         N/A       78%         3
 Cause Fear               Hex            2%         N/A       96%         4

Inventory:

Hand Weapons
 i - a +3 heavy sling (weapon)
Armour
 g - a scarf of resistance (worn)
 l - a +2 ring mail of willpower (worn)
Jewellery
 a - an amulet of faith
 j - a ring of fire
Scrolls
 b - a scroll of identify
 q - a scroll of brand weapon
Potions
 c - a potion of enlightenment
 d - a potion of magic
 e - 2 potions of might
 f - 4 potions of curing
 k - 4 potions of haste
 m - a potion of degeneration {unknown}
 n - a potion of cancellation {unknown}
 o - a potion of mutation
 p - a potion of resistance {unknown}

Dungeon Overview and Level Annotations

Branches:
Dungeon (7/15)            Ossuary (visited)
 Temple: D:4-7

Altars:
Dithmenos
Okawaru
Sif Muna
Uskayaw

Annotations:
D:3 2 transporters, 1 runed translucent door, Crazy Yiuf
D:6 Dowan, Duvessa


Message History

The sling bullet closely misses the gnoll.
Your surroundings suddenly seem different.
Duvessa, Dowan and 5 wights come into view.
A wight is wielding a +4 morningstar of freezing.
Duvessa shouts!
Enter note:
Enter note:
Enter note:
Enter note: You shoot a sling bullet.
Dowan shouts!
The sling bullet hits the wight!
The wight is severely damaged.
The wight hits you from afar with a +2 halberd!
You feel drained. The wight hits you but does no damage.
Dowan drinks a potion.
Dowan flickers and vanishes!
Deactivating autopickup; reactivate with Ctrl-A.
The wight barely misses you. You furiously retaliate!
You headbutt the wight.
You destroy the wight!
Okawaru accepts your kill. The wight barely misses you.
The wight hits you but does no damage.
Your life force feels restored.
Your base Ranged Weapons skill increases to level 10!
Your Invocations skill increases to level 3!
You shoot a sling bullet. The sling bullet hits the wight.
The wight is lightly damaged.
The wight hits you with a +0 short sword.
The wight closely misses you.
You shoot a sling bullet. The sling bullet hits the wight.
The wight is moderately damaged.
Duvessa hits you with a +0 short sword!
You hear some strange, mumbled words.
A puff of frost appears from out of thin air!
The puff of frost hits you. You resist. The wight barely misses you.
You shoot a sling bullet. The sling bullet hits the wight!
You destroy the wight!
Okawaru accepts your kill. Duvessa closely misses you. You furiously retaliate!
You headbutt Duvessa, but do no damage. Something hits you.
You die...

#..###########....#
#.# # #..#
########.#####.# #
#..#
...............#
#..#
.######.##########
#..#
............))....
#..#
#######.##########
.........#
##########
#@)z.....
#z{e.###### #..z.#
#....# +....#
#....# ######


You could see Duvessa and 3 wights.

Vanquished Creatures
  Menkaure (D:5)
  Edmund (D:6)
  A water moccasin (D:5)
  A black bear (D:4)
  An ogre (D:5)
  A centaur (D:7)
  A bullfrog (D:7)
  2 scorpions (D:5)
  2 wights (D:6)
  A howler monkey (D:7)
  4 hounds
  3 jellies
  A sleepcap (D:4)
  3 gnoll boudas
  Natasha (thrice) (D:2)
  2 iguanas
  8 mummies (Ossuary)
  Robin (D:4)
  9 gnolls
  10 adders
  A shadow imp (D:5)
  An ufetubus (D:4)
  2 worms (D:4)
  2 dart slugs (D:1)
  8 orcs
  5 ball pythons
  7 bats
  11 endoplasms
  4 giant cockroaches
  15 goblins
  12 hobgoblins
  7 jackals
  5 kobolds
  6 quokkas
  2 frilled lizards
  2 gnoll zombies (Ossuary)
  2 hobgoblin zombies (Ossuary)
  2 kobold zombies (Ossuary)
  2 orc zombies (Ossuary)
  A rat (D:2)
153 creatures vanquished.

Notes
Turn   | Place    | Note
-------+----------+-------------------------------------------
     0 | D:1      | qw the Minotaur Hexslinger began the quest for the Orb.
     0 | D:1      | Reached XP level 1. HP: 16/16 MP: 1/1
     0 | D:1      | 0 ||| qw: Version: 0.3-a-52-g30416fa
     0 | D:1      | 0 ||| qw: Game counter: 6055
     0 | D:1      | 0 ||| qw: Melee chars always use a shield: true
     0 | D:1      | 0 ||| qw: God list: Okawaru
     0 | D:1      | 0 ||| qw: Allow faded altars: false
     0 | D:1      | 0 ||| qw: Do Orc after clearing Dungeon:15 true
     0 | D:1      | 0 ||| qw: Do second Lair branch before Depths: true
     0 | D:1      | 0 ||| qw: Lair rune preference: random
     0 | D:1      | 0 ||| qw: Goals: Normal
     0 | D:1      | 0 ||| PLANNING D:1-11
    29 | D:1      | HP: 3/16 [dart slug/slug dart (6)]
    32 | D:1      | Reached skill level 3 in Ranged Weapons
    32 | D:1      | Reached XP level 2. HP: 5/23 MP: 2/2
   243 | D:1      | HP: 6/24 [quokka (5)]
   335 | D:1      | Reached XP level 3. HP: 29/29 MP: 3/3
   592 | D:1      | 592 ||| UPGRADING to +0 leather armour.
   602 | D:1      | 602 ||| DROPPING +0 robe.
   603 | D:1      | 603 ||| READING scroll labelled YTHOLI OTILU.
   604 | D:1      | 604 ||| READING scroll labelled YKAWIVV QUUH.
   605 | D:1      | 605 ||| READING scroll labelled VUNITIPH WESEG.
   606 | D:1      | 606 ||| READING scroll labelled OMUCRANO ITIEKH.
   607 | D:1      | 607 ||| READING scroll labelled AMUAFU AZISA.
   608 | D:1      | 608 ||| READING scroll labelled BYGEBL BURHULL.
   609 | D:1      | 609 ||| DRINKING 2 white potions.
   610 | D:1      | 610 ||| DROPPING scroll of poison.
   611 | D:1      | 611 ||| DROPPING potion of invisibility.
   669 | D:2      | Reached skill level 4 in Ranged Weapons
   793 | D:2      | Noticed Natasha
   798 | D:2      | Killed Natasha
   799 | D:2      | Reached XP level 4. HP: 27/36 MP: 4/4
   848 | D:2      | Noticed Natasha
   856 | D:2      | Killed Natasha
   857 | D:2      | Reached skill level 5 in Ranged Weapons
   908 | D:2      | HP: 8/37 [acid (8)]
   910 | D:2      | Reached skill level 3 in Fighting
   910 | D:2      | Reached XP level 5. HP: 10/45 MP: 5/5
   967 | D:2      | Noticed Natasha
   969 | D:2      | HP: 8/45 [Natasha/magic dart (11)]
   970 | D:2      | HP: 1/45 [Natasha/magic dart (7)]
   971 | D:2      | Killed Natasha
  1394 | D:2      | 1394 ||| DRINKING 2 yellow potions.
  1395 | D:2      | 1395 ||| DROPPING potion of brilliance.
  1577 | D:3      | Found a shadowy altar of Dithmenos.
  1839 | D:3      | Found a transporter.
  1857 | D:3      | Found a faded altar of an unknown god.
  1889 | D:3      | Identified the +2 ring mail "Juahe" {Slay+2}
  1927 | D:3      | 1927 ||| DROPPING ring of flight.
  1928 | D:3      | 1928 ||| READING scroll labelled PONOWA CAXZO.
  1929 | D:3      | 1929 ||| READING scroll labelled UTUZXAOFEO.
  1972 | D:3      | Found a shimmering blue altar of Sif Muna.
  2033 | D:3      | 2033 ||| READING scroll labelled CAZEMA VELYHA.
  2041 | D:3      | Reached skill level 6 in Ranged Weapons
  2054 | D:3      | Found a transporter.
  2131 | D:3      | Found a runed translucent door.
  2132 | D:3      | Noticed Crazy Yiuf
  2287 | D:3      | 2287 ||| UPGRADING to +0 ring mail.
  2297 | D:3      | 2297 ||| DROPPING +0 leather armour.
  2486 | D:4      | Noticed a black bear
  2488 | D:4      | Killed a black bear
  2489 | D:4      | Reached XP level 6. HP: 51/51 MP: 6/6
  2497 | D:4      | You fall into a shaft and drop 3 floors!
  2524 | D:7      | HP: 11/51 [centaur (3)]
  2750 | D:7      | Found an iron altar of Okawaru.
  2751 | D:7      | 2751 ||| PLANNING OKAWARU WORSHIP
  2751 | D:7      | 2751 ||| UPGRADING to scarf of resistance.
  2756 | D:7      | 2756 ||| READING scroll labelled OMUIPI QAPSEHU.
  2757 | D:7      | 2757 ||| READING 2 scrolls of identify.
  2757 | D:7      | 2757 ||| IDENTIFYING orange potion
  2766 | D:7      | Became a worshipper of Warmaster Okawaru
  2767 | D:7      | 2767 ||| PLANNING D:1-11
  2832 | D:6      | Reached XP level 7. HP: 54/59 MP: 7/7
  2875 | D:6      | Reached skill level 7 in Ranged Weapons
  3003 | D:6      | 3003 ||| DRINKING 3 grey potions.
  3012 | D:5      | Entered Level 5 of the Dungeon
  3013 | D:5      | 3013 ||| PLANNING OSSUARY
  3107 | D:5      | Found a sand-covered staircase.
  3108 | D:5      | 3108 ||| READING scroll labelled MIANKOLOMO.
  3109 | D:5      | 3109 ||| DRINKING 2 fuming inky potions.
  3110 | D:5      | 3110 ||| DRINKING 2 puce potions.
  3114 | Ossuary  | Entered an ossuary
  3248 | Ossuary  | 3248 ||| READING scroll of enchant weapon.
  3248 | Ossuary  | 3248 ||| ENCHANTING +2 heavy sling.
  3278 | Ossuary  | 3278 ||| READING scroll labelled SER RAFOSHRU.
  3279 | Ossuary  | 3279 ||| DRINKING 2 ruby potions.
  3279 | Ossuary  | Gained mutation: You are covered in fur. (AC +1) [potion of
                  | mutation]
  3280 | Ossuary  | 3280 ||| DRINKING 2 fuming yellow potions.
  3281 | Ossuary  | 3281 ||| READING 3 scrolls of identify.
  3281 | Ossuary  | 3281 ||| IDENTIFYING bubbling amethyst potion
  3282 | Ossuary  | 3282 ||| READING 2 scrolls of identify.
  3282 | Ossuary  | 3282 ||| IDENTIFYING bubbling golden potion
  3283 | Ossuary  | 3283 ||| DROPPING potion of lignification.
  3309 | D:5      | 3309 ||| PLANNING SEWER
  3338 | D:5      | Reached skill level 8 in Ranged Weapons
  3363 | D:5      | Reached * piety under Okawaru
  3367 | D:5      | Reached skill level 1 in Invocations
  3399 | D:5      | 3399 ||| INVOKING Heroism.
  3400 | D:5      | 3400 ||| INVOKING Heroism.
  3517 | D:5      | Noticed Menkaure
  3518 | D:5      | 3518 ||| INVOKING Heroism.
  3524 | D:5      | Killed Menkaure
  3525 | D:5      | Reached skill level 9 in Ranged Weapons
  3525 | D:5      | Reached XP level 8. HP: 36/68 MP: 5/8
  3650 | D:5      | HP: 13/68 [ogre/+0 giant spiked club (23)]
  3651 | D:5      | 3651 ||| READING 2 scrolls of teleportation.
  3652 | D:5      | 3652 ||| DRINKING potion of heal wounds.
  3653 | D:5      | Reached skill level 3 in Dodging
  3680 | D:5      | 3680 ||| RIP SEWER
  3776 | D:5      | 3776 ||| PLANNING D:1-11
  3960 | D:4      | Noticed Robin
  3969 | D:4      | 3969 ||| INVOKING Heroism.
  3973 | D:4      | Killed Robin
  4477 | D:4      | Found a hide-covered altar of Uskayaw.
  4629 | D:4      | 4629 ||| DROPPING ring of magical power.
  4630 | D:4      | 4630 ||| READING scroll labelled KUREAPHI QUCZU.
  4841 | D:5      | Found Ruuqerok's CLEARANCE SALE!.
  4849 | D:5      | 4849 ||| BUYING 2 potions of curing (18 gold).
  4849 | D:5      | Bought 2 potions of curing for 18 gold pieces
  4849 | D:5      | 4849 ||| BUYING potion of haste (30 gold).
  4849 | D:5      | Bought a potion of haste for 30 gold pieces
  4873 | D:5      | Reached skill level 6 in Fighting
  5080 | D:5      | 5080 ||| UPGRADING to +2 ring mail of willpower.
  5090 | D:5      | 5090 ||| DROPPING +0 ring mail.
  5174 | D:6      | Noticed Edmund
  5176 | D:6      | 5176 ||| INVOKING Heroism.
  5192 | D:6      | 5192 ||| INVOKING Heroism.
  5192 | D:6      | Killed Edmund
  5193 | D:6      | HP: 15/70 [gnoll/+0 spear[a gnoll bouda] (3)]
  5194 | D:6      | 5194 ||| READING scroll of teleportation.
  5195 | D:6      | 5195 ||| DRINKING potion of heal wounds.
  5197 | D:6      | Noticed Duvessa
  5197 | D:6      | Noticed Dowan
  5198 | D:6      | HP: 15/70 [wight/+2 halberd (11)]
  5199 | D:6      | Reached skill level 10 in Ranged Weapons
  5199 | D:6      | Reached skill level 3 in Invocations
  5200 | D:6      | HP: 3/70 [Duvessa/+0 short sword (7)]
  5200 | D:6      | HP: 1/70 [something/puff of frost (2)]
  5201 | D:6      | Slain by Dowan

Levels and vault maps discovered:
D:1:      ldierk_walled_garden_2, layout_basic, minmay_tetromino_o4
D:2:      layout_rooms, minmay_diced_spiral, uniq_natasha
D:3:      layout_basic, lemuel_blue_sif_altar,
          grunt_dithmenos_smoke_and_mirrors,
          shapermc_ecumenical_altar_acropolis, gammafunk_ghost_gnarly_gnolls,
          minivault_11, skrybe_limestone_x, uniq_crazy_yiuf_cottage
D:4:      layout_basic, mainiacjoe_overflow_24_doors, uniq_robin
D:5:      layout_gridville, nicolae_ossuary_entry_plus, portal_sewer_entry_d,
          nicolae_shop_clearance, uniq_menkaure
D:6:      layout_basic, kennysheep_mini_moat, marbit_many_paths,
          minmay_temple_entry_enclosed_plants, gammafunk_ghost_smash,
          uniq_duvessa, uniq_prince_ribbit1, uniq_edmund
D:7:      layout_loops_ring, okawaru_trees_1

Skill      XL: |  1  2  3  4  5  6  7  8 |
---------------+-------------------------+-----
Ranged Weapons | 3 4 5 6 9 10 | 10.0
Fighting       | 2 3 4 5 6 |  6.0
Armour         | 2 |  2.8
Invocations    | 1 3 |  3.0
Dodging        | 3 |  3.1
Spellcasting   | |  1.0
Hexes          | |  2.0

Action                     |  1- 3 |  4- 6 |  7- 9 || total
---------------------------+-------+-------+-------++-------
   Fire: Sling             |   100 |    93 |   189 ||   382
 Invoke: Heroism           |       |       |     5 ||     5
    Use: Scroll            |     6 |     5 |     8 ||    19
         Potion            |     1 |     1 |     7 ||     9
 Armour: Robe              |     3 |       |       ||     3
         Leather armour    |     9 |     8 |       ||    17
         Ring mail         |       |     1 |    55 ||    56
  Dodge: Dodged            |    54 |    33 |    98 ||   185

Table legend:
 A = Non-vault XP
 B = Vault XP
 C = Vault XP percentage of total XP
 D = Non-vault monster count
 E = Vault monster count
 F = Vault count percentage of total count
                 A         B        C        D         E       F
            +---------+---------+-------+---------+---------+-------
      Total |    1973 |     587 |  22.9 |     114 |      39 |  25.5
            +---------+---------+-------+---------+---------+-------
        D:1 |      40 |       7 |  14.9 |      19 |       3 |  13.6
        D:2 |     195 |      41 |  17.4 |      25 |       4 |  13.8
        D:3 |      32 |       0 |   0.0 |      17 |       0 |   0.0
        D:4 |     270 |      38 |  12.3 |      17 |      13 |  43.3
        D:5 |     675 |     182 |  21.2 |      16 |       2 |  11.1
        D:6 |     499 |     166 |  25.0 |      17 |       1 |   5.6
        D:7 |     262 |       0 |   0.0 |       3 |       0 |   0.0
    Ossuary |       0 |     153 | 100.0 |       0 |      16 | 100.0
            +---------+---------+-------+---------+---------+-------
